APP
SAN FRANCISCO (APP) GIANTS @ KINGSPORT METS
08/23/2044
 
TOP OF THE 1ST
San Francisco (APP) Giants batting - Pitching for Kingsport Mets : RHP Gabe Kelso
Pitching: RHP Gabe Kelso
Batting: RHB Jeremy Bailey 0-0: Ball
1-0: Called Strike
1-1: Foul Ball, location: 2F
1-2: Ball
2-2: Ground out 6-3 (Groundball, 6, EV 103.1 MPH)
Batting: RHB Frank Pena 0-0: Ball
1-0: Called Strike
1-1: Ground out 6-3 (Groundball, 56, EV 107.5 MPH)
Batting: RHB Dinand Brouwer 0-0: Foul Ball, location: 2F
0-1: Ball
1-1: Foul Ball, location: 2F
1-2: Foul Ball, location: 2F
1-2: Ball
2-2: Foul Ball, location: 2F
2-2: Foul Ball, location: 2F
2-2: Foul Ball, location: 2F
2-2: Ball
3-2: Foul Ball, location: 2F
3-2: Base on Balls
Batting: RHB Edwin Verdugo 0-0: Ball
1-0: Ball
2-0: Foul Ball, location: 2F
2-1: Ball
3-1: Fly out, F7 (Flyball, 78M, EV 82.5 MPH)
Top of the 1st over - 0 runs, 0 hits, 0 errors, 1 left on base; San Francisco (APP) 0 - Kingsport 0
BOTTOM OF THE 1ST
Kingsport Mets batting - Pitching for San Francisco (APP) Giants : LHP Jack Klein
Pitching: LHP Jack Klein
Batting: RHB John Jones 0-0: Ball
1-0: Called Strike
1-1: Foul Ball, location: 2F
1-2: Foul Ball, location: 2F
1-2: Ball
2-2: Ground out 5-3 (Groundball, 5, EV 104.4 MPH)
Batting: RHB Josh Jones 0-0: Ground out 6-3 (Groundball, 56, EV 105.0 MPH)
Batting: RHB Kyle Holland 0-0: Swinging Strike
0-1: Ball
1-1: Foul Ball, location: 2F
1-2: Foul Ball, location: 2F
1-2: Ball
2-2: Foul Ball, location: 2F
2-2: SINGLE (Line Drive, 4M, EV 96.3 MPH)
Batting: SHB Jason Evans 0-0: Swinging Strike
0-1: Ball
1-1: Ball
2-1: Foul Ball, location: 2F
2-2: Foul Ball, location: 2F
2-2: SINGLE (Line Drive, 7S, EV 96.9 MPH)
Kyle Holland to second
Batting: SHB Callum Lynch 0-0: Ball
1-0: Ball
Wild Pitch!
Kyle Holland to third
Jason Evans to second
2-0: Called Strike
2-1: Fly out, F8 (Flyball, 8LS, EV 77.5 MPH)
Bottom of the 1st over - 0 runs, 2 hits, 0 errors, 2 left on base; San Francisco (APP) 0 - Kingsport 0
TOP OF THE 2ND
San Francisco (APP) Giants batting - Pitching for Kingsport Mets : RHP Gabe Kelso
Batting: RHB Bill Defazio 0-0: Swinging Strike
0-1: Foul Ball, location: 2F
0-2: Ball
1-2: Strikes out swinging
Batting: RHB Teruhide Horiuchi 0-0: Ball
1-0: Called Strike
1-1: Ball
2-1: Called Strike
2-2: Fly out, F6 (Flyball, 56D, EV 93.1 MPH)
Batting: RHB Ed Broomhead 0-0: Ball
1-0: Foul Ball, location: 2F
1-1: Ball
2-1: Ball
3-1: Foul Ball, location: 2F
3-2: Base on Balls
Batting: RHB Pedro Quezada 0-0: Ball
1-0: Fielders Choice at 2nd, 5-4 (Groundball, 5L, EV 77.5 MPH)
Top of the 2nd over - 0 runs, 0 hits, 0 errors, 1 left on base; San Francisco (APP) 0 - Kingsport 0
BOTTOM OF THE 2ND
Kingsport Mets batting - Pitching for San Francisco (APP) Giants : LHP Jack Klein
Batting: RHB Danny Runberg 0-0: Ball
1-0: Ball
2-0: Foul Ball, location: 2F
2-1: Swinging Strike
2-2: Ball
3-2: Base on Balls
Batting: RHB Frank Shaw 0-0: Fly out, F9 (Flyball, 9D, EV 77.5 MPH)
Batting: RHB J.D. Brese 0-0: Foul Ball, location: 2F
0-1: Called Strike
0-2: Strikes out swinging
Batting: RHB Jack Nickleberry 0-0: Ball
1-0: Called Strike
1-1: Swinging Strike
1-2: Ball
2-2: Ground out U3 (Groundball, 34S, EV 82.5 MPH)
Bottom of the 2nd over - 0 runs, 0 hits, 0 errors, 1 left on base; San Francisco (APP) 0 - Kingsport 0
TOP OF THE 3RD
San Francisco (APP) Giants batting - Pitching for Kingsport Mets : RHP Gabe Kelso
Batting: RHB Alexis Andrade 0-0: Ball
1-0: Ball
2-0: Ball
3-0: Base on Balls
Batting: RHB Jeremy Bailey 0-0: Swinging Strike
0-1: Foul Ball, location: 2F
0-2: Single, Error in OF, E8, batter to second base (Groundball, 6MD, EV 100.6 MPH)
Alexis Andrade to third
Batting: RHB Frank Pena 0-0: Ball
1-0: Ground out 6-3 (Groundball, 6MD, EV 106.9 MPH)
Alexis Andrade scores
Jeremy Bailey to third
Batting: RHB Dinand Brouwer 0-0: Foul Ball, location: 2F
0-1: Ball
1-1: DOUBLE (Line Drive, 78D, EV 107.5 MPH)
Jeremy Bailey scores
Batting: RHB Edwin Verdugo 0-0: Ball
1-0: TRIPLE (Flyball, 78XD, EV 93.8 MPH)
Dinand Brouwer scores
Batting: RHB Bill Defazio 0-0: Foul Ball, location: 2F
0-1: Ball
1-1: Fly out, F8 (Flyball, 89D, EV 106.9 MPH)
Runner from 3rd tags up, SCORES, no throw by CF
Batting: RHB Teruhide Horiuchi 0-0: Foul Ball, location: 2F
0-1: Hit by Pitch
Batting: RHB Ed Broomhead 0-0: Called Strike
0-1: Ground out U3 (Groundball, 3, EV 90.6 MPH)
Top of the 3rd over - 4 runs, 3 hits, 1 error, 1 left on base; San Francisco (APP) 4 - Kingsport 0
BOTTOM OF THE 3RD
Kingsport Mets batting - Pitching for San Francisco (APP) Giants : LHP Jack Klein
Batting: RHB John Jones 0-0: Ball
1-0: Ball
2-0: Called Strike
2-1: Ball
3-1: Swinging Strike
3-2: Base on Balls
Batting: RHB Josh Jones 0-0: Ball
1-0: Swinging Strike
1-1: Fly out, F8 (Flyball, 8RD, EV 102.5 MPH)
Batting: RHB Kyle Holland 0-0: Ball
John Jones steals 2nd base (no throw)
1-0: Foul Ball, location: 2F
1-1: Ball
2-1: Swinging Strike
2-2: Strikes out looking
Batting: SHB Jason Evans 0-0: Ball
1-0: Called Strike
1-1: Ball
2-1: Foul Ball, location: 2F
2-2: Ground out 4-3 (Groundball, 4, EV 106.9 MPH)
Bottom of the 3rd over - 0 runs, 0 hits, 0 errors, 1 left on base; San Francisco (APP) 4 - Kingsport 0
TOP OF THE 4TH
San Francisco (APP) Giants batting - Pitching for Kingsport Mets : RHP Gabe Kelso
Batting: RHB Pedro Quezada 0-0: Swinging Strike
0-1: Ball
1-1: Called Strike
1-2: Foul Ball, location: 2F
1-2: Ball
2-2: Ground out 5-3 (Groundball, 56, EV 86.3 MPH)
Batting: RHB Alexis Andrade 0-0: Called Strike
0-1: Ball
1-1: Ball
2-1: SINGLE (Groundball, 34D, EV 94.4 MPH)
Batting: RHB Jeremy Bailey 0-0: Ball
1-0: SINGLE (Flyball, 6D, EV 91.9 MPH)
Alexis Andrade to second
Batting: RHB Frank Pena 0-0: Ball
1-0: Ball
2-0: Fielders Choice at 2nd, 4-6 (Groundball, 4, EV 92.5 MPH)
Alexis Andrade to third
Batting: RHB Dinand Brouwer 0-0: Swinging Strike
0-1: Ball
1-1: SINGLE (Flyball, 8LS, EV 90.0 MPH)
Alexis Andrade scores
Frank Pena to second
Batting: RHB Edwin Verdugo 0-0: Foul Ball, location: 2F
0-1: Fly out, F9 (Flyball, 9LM, EV 96.3 MPH)
Top of the 4th over - 1 run, 3 hits, 0 errors, 2 left on base; San Francisco (APP) 5 - Kingsport 0
BOTTOM OF THE 4TH
Kingsport Mets batting - Pitching for San Francisco (APP) Giants : LHP Jack Klein
Batting: SHB Callum Lynch 0-0: Ball
1-0: Fly out, F8 (Flyball, 89D, EV 76.3 MPH)
Batting: RHB Danny Runberg 0-0: Ball
1-0: Ball
2-0: Called Strike
2-1: Swinging Strike
2-2: Ground out 4-3 (Groundball, 4, EV 85.6 MPH)
Batting: RHB Frank Shaw 0-0: Ball
1-0: Ball
2-0: Ball
3-0: Base on Balls
Batting: RHB J.D. Brese 0-0: Ball
1-0: Foul Ball, location: 2F
1-1: Ball
2-1: Fly out, F3 (Popup, 34S, EV 77.5 MPH)
Bottom of the 4th over - 0 runs, 0 hits, 0 errors, 1 left on base; San Francisco (APP) 5 - Kingsport 0
TOP OF THE 5TH
San Francisco (APP) Giants batting - Pitching for Kingsport Mets : RHP Gabe Kelso
Batting: RHB Bill Defazio 0-0: Ball
1-0: Called Strike
1-1: Ball
2-1: Ball
3-1: Swinging Strike
3-2: Ground out 5-3 (Groundball, 5S, EV 90.0 MPH)
Batting: RHB Teruhide Horiuchi 0-0: Ball
1-0: Foul Ball, location: 2F
1-1: Foul Ball, location: 2F
1-2: Ground out 4-3 (Groundball, 34D, EV 104.4 MPH)
Batting: RHB Ed Broomhead 0-0: Ball
1-0: Foul Ball, location: 2F
1-1: Ball
2-1: Fly out, F8 (Line Drive, 8LD, EV 96.3 MPH)
Top of the 5th over - 0 runs, 0 hits, 0 errors, 0 left on base; San Francisco (APP) 5 - Kingsport 0
BOTTOM OF THE 5TH
Kingsport Mets batting - Pitching for San Francisco (APP) Giants : LHP Jack Klein
Batting: RHB Jack Nickleberry 0-0: SINGLE (Line Drive, 89S, EV 97.5 MPH)
Batting: RHB John Jones 0-0: Foul Ball, location: 2F
0-1: Called Strike
0-2: Ball
1-2: Strikes out looking
Batting: RHB Josh Jones 0-0: Called Strike
0-1: Ball
1-1: Ball
2-1: Fielders Choice at 2nd, 1-6 (Groundball, 34S, EV 63.8 MPH)
Pitching: RHP Hiroaki Yazawa
Batting: RHB Kyle Holland 0-0: Called Strike
Josh Jones is caught stealing 2nd base 2-4
Bottom of the 5th over - 0 runs, 1 hit, 0 errors, 0 left on base; San Francisco (APP) 5 - Kingsport 0
TOP OF THE 6TH
San Francisco (APP) Giants batting - Pitching for Kingsport Mets : RHP Gabe Kelso
Batting: RHB Pedro Quezada 0-0: Ball
1-0: Foul Ball, location: 2F
1-1: Ball
2-1: Ground out 1-3 (Groundball, 13S, EV 68.8 MPH)
Batting: RHB Alexis Andrade 0-0: Ball
1-0: Fly out, F7 (Flyball, 7S, EV 88.1 MPH)
Batting: RHB Jeremy Bailey 0-0: Ball
1-0: Ball
2-0: Ball
3-0: Called Strike
3-1: Foul Ball, location: 2F
3-2: Strikes out swinging
Top of the 6th over - 0 runs, 0 hits, 0 errors, 0 left on base; San Francisco (APP) 5 - Kingsport 0
BOTTOM OF THE 6TH
Kingsport Mets batting - Pitching for San Francisco (APP) Giants : RHP Hiroaki Yazawa
Batting: RHB Kyle Holland 0-0: Called Strike
0-1: Foul Ball, location: 2F
0-2: Ball
1-2: Strikes out swinging
Batting: SHB Jason Evans 0-0: Foul Ball, location: 2F
0-1: Ball
1-1: Ball
2-1: SINGLE (Line Drive, 6D, EV 95.0 MPH)
Batting: SHB Callum Lynch 0-0: Foul Ball, location: 2F
0-1: Called Strike
0-2: Ball
1-2: Foul Ball, location: 2F
1-2: Ball
2-2: Foul Ball, location: 2F
2-2: Ball
Jason Evans steals 2nd base
3-2: Strikes out swinging
Batting: RHB Danny Runberg 0-0: Foul Ball, location: 2F
0-1: Foul Ball, location: 2F
0-2: Ball
1-2: Strikes out swinging
Bottom of the 6th over - 0 runs, 1 hit, 0 errors, 1 left on base; San Francisco (APP) 5 - Kingsport 0
TOP OF THE 7TH
San Francisco (APP) Giants batting - Pitching for Kingsport Mets : RHP Gabe Kelso
Pitching: RHP Danny Helm
Batting: RHB Frank Pena 0-0: Ball
1-0: Ball
2-0: Called Strike
2-1: SINGLE (Groundball, 6MD, EV 105.0 MPH)
Batting: RHB Dinand Brouwer 0-0: Called Strike
0-1: Ball
1-1: Ball
2-1: SINGLE (Groundball, 56D, EV 98.8 MPH)
Frank Pena to second
Batting: RHB Edwin Verdugo 0-0: Ball
Frank Pena steals 3rd base
1-0: Called Strike
1-1: Ball
2-1: Foul Ball, location: 2F
2-2: Fly out, F6 (Flyball, 6D, EV 88.8 MPH)
Batting: RHB Bill Defazio 0-0: Foul Ball, location: 2F
0-1: Ball
Dinand Brouwer steals 2nd base
1-1: Foul Ball, location: 2F
1-2: Fly out, F7 (Flyball, 7LD, EV 108.1 MPH)
Runner from 3rd tags up, SCORES, throw by LF
Dinand Brouwer to third
Batting: RHB Teruhide Horiuchi 0-0: Ball
Wild Pitch!
Dinand Brouwer scores
1-0: Called Strike
1-1: SINGLE (Groundball, 4MD, EV 102.5 MPH)
Batting: RHB Ed Broomhead 0-0: Called Strike
Teruhide Horiuchi steals 2nd base
0-1: Ball
1-1: Ground out U3 (Groundball, 34, EV 91.3 MPH)
Top of the 7th over - 2 runs, 3 hits, 0 errors, 1 left on base; San Francisco (APP) 7 - Kingsport 0
BOTTOM OF THE 7TH
Kingsport Mets batting - Pitching for San Francisco (APP) Giants : RHP Hiroaki Yazawa
Pitching: LHP Mark Gregor
Batting: RHB Frank Shaw 0-0: Foul Ball, location: 2F
0-1: Swinging Strike
0-2: Strikes out swinging
Batting: RHB J.D. Brese 0-0: Ball
1-0: Foul Ball, location: 2F
1-1: Ball
2-1: Swinging Strike
2-2: Foul Ball, location: 2F
2-2: Foul Ball, location: 2F
2-2: Ball
3-2: Strikes out swinging
Batting: RHB Jack Nickleberry 0-0: Ball
1-0: Foul Ball, location: 2F
1-1: SINGLE (Groundball, 6MS, EV 71.9 MPH) (infield hit)
Pinch Hitting: RHB Coltin Nellis 0-0: Ball
1-0: Swinging Strike
1-1: Ball
2-1: Ball
3-1: Foul Ball, location: 2F
3-2: Base on Balls
Jack Nickleberry to second
Pitching: RHP Nick McDade
Batting: RHB Josh Jones 0-0: Swinging Strike
0-1: Ball
1-1: Called Strike
1-2: Fielders Choice at 2nd, 6-4 (Groundball, 6, EV 106.3 MPH)
Bottom of the 7th over - 0 runs, 1 hit, 0 errors, 2 left on base; San Francisco (APP) 7 - Kingsport 0
TOP OF THE 8TH
San Francisco (APP) Giants batting - Pitching for Kingsport Mets : RHP Danny Helm
Now in LF: Coltin Nellis
Batting: RHB Pedro Quezada 0-0: Ball
1-0: Ball
2-0: Ground out 3-1 (Groundball, 34, EV 98.1 MPH)
Pitching: LHP Mike Mathews
Batting: RHB Alexis Andrade 0-0: Ball
1-0: Foul Ball, location: 2F
1-1: Ball
2-1: Called Strike
2-2: Foul Ball, location: 2F
2-2: Ground out 5-3 (Groundball, 5, EV 78.8 MPH)
Batting: RHB Jeremy Bailey 0-0: Called Strike
0-1: Swinging Strike
0-2: Strikes out looking and he ARGUES THE CALL AND IS TOSSED!
Top of the 8th over - 0 runs, 0 hits, 0 errors, 0 left on base; San Francisco (APP) 7 - Kingsport 0
BOTTOM OF THE 8TH
Kingsport Mets batting - Pitching for San Francisco (APP) Giants : RHP Nick McDade
Now in RF: David Andrews
Batting: RHB Kyle Holland 0-0: Called Strike
0-1: Foul Ball, location: 2F
0-2: Foul Ball, location: 2F
0-2: Strikes out swinging
Batting: SHB Jason Evans 0-0: Ball
1-0: Called Strike
1-1: Ball
2-1: Swinging Strike
2-2: SINGLE (Groundball, 4D, EV 96.9 MPH)
Batting: SHB Callum Lynch 0-0: Foul Ball, location: 2F
0-1: Grounds into double play, 5-4-3 (Groundball, 56, EV 80.0 MPH)
Bottom of the 8th over - 0 runs, 1 hit, 0 errors, 0 left on base; San Francisco (APP) 7 - Kingsport 0
TOP OF THE 9TH
San Francisco (APP) Giants batting - Pitching for Kingsport Mets : LHP Mike Mathews
Batting: RHB Frank Pena 0-0: Ball
1-0: Foul Ball, location: 2F
1-1: Ball
2-1: Called Strike
2-2: SINGLE (Line Drive, 89S, EV 95.6 MPH)
Batting: RHB Dinand Brouwer 0-0: Foul Ball, location: 2F
0-1: Ground out 4-3 (Groundball, 6MD, EV 98.8 MPH)
Frank Pena to second
Batting: RHB Edwin Verdugo 0-0: Ball
1-0: Ball
2-0: Ball
3-0: Called Strike
3-1: Swinging Strike
3-2: Foul Ball, location: 2F
3-2: Strikes out swinging
Batting: RHB Bill Defazio 0-0: SINGLE (Groundball, 25, EV 66.9 MPH) (infield hit)
Frank Pena to third
Batting: RHB Teruhide Horiuchi 0-0: Called Strike
0-1: Swinging Strike
0-2: Fly out, F7 (Flyball, 7LS, EV 85.0 MPH)
Top of the 9th over - 0 runs, 2 hits, 0 errors, 2 left on base; San Francisco (APP) 7 - Kingsport 0
BOTTOM OF THE 9TH
Kingsport Mets batting - Pitching for San Francisco (APP) Giants : RHP Nick McDade
Batting: RHB Danny Runberg 0-0: Ball
1-0: Called Strike
1-1: Foul Ball, location: 2F
1-2: Ball
2-2: Foul Ball, location: 2F
2-2: Fly out, F8 (Flyball, 8LM, EV 89.4 MPH)
Pitching: LHP Gil Longoria
Batting: RHB Frank Shaw 0-0: Ball
1-0: Ball
2-0: Called Strike
2-1: Foul Ball, location: 2F
2-2: Ball
3-2: Foul Ball, location: 2F
3-2: Fly out, F7 (Flyball, 7D, EV 98.8 MPH)
Batting: RHB J.D. Brese 0-0: Ball
1-0: Foul Ball, location: 2F
1-1: Fly out, F3 (Line Drive, 3, EV 68.1 MPH)
Bottom of the 9th over - 0 runs, 0 hits, 0 errors, 0 left on base; San Francisco (APP) 7 - Kingsport 0
Thursday, March 31st , 2022 - OOTP Baseball 22.12 Build 89